| TOP OF THE 1ST |
|
Bristol Pirates batting - Pitching for Philadelphia (APP) Phillies : RHP Franck Basset
|
|
Pitching: RHP Franck Basset
|
|
|
Batting: RHB Ryan Thurston
|
0-0: Foul Ball, location: 2F 0-1: SINGLE (Groundball, 56D, EV 98.8 MPH)
|
|
Batting: RHB Jon Solis
|
0-0: Ball Passed Ball! Ryan Thurston to second 1-0: Ball 2-0: 2-RUN HOME RUN (Flyball, 7D, EV 95.6 MPH), Distance : 354 ft
|
|
Batting: SHB Juan Ayala
|
0-0: Swinging Strike 0-1: Ground out U3 (Groundball, 3, EV 98.8 MPH)
|
|
Batting: RHB Oscar Munoz
|
0-0: Ball 1-0: SINGLE (Line Drive, 6MD, EV 95.0 MPH)
|
|
Batting: LHB Sean Driscoll
|
0-0: SINGLE (Groundball, 34D, EV 93.8 MPH) Oscar Munoz to second Runner from 2nd tries for 3rd, SAFE, throw by RF made to third
|
|
Batting: RHB Dustin Hamblin
|
0-0: Ball Passed Ball! Oscar Munoz scores Sean Driscoll to second 1-0: Called Strike 1-1: Ground out 5-3 (Groundball, 56, EV 75.6 MPH)
|
|
Batting: RHB William Lindsey
|
0-0: Ball Wild Pitch! Sean Driscoll to third 1-0: Called Strike 1-1: Foul Ball, location: 2F 1-2: Strikes out looking
|
| Top of the 1st over - 3 runs, 4 hits, 0 errors, 1 left on base; Bristol 3 - Philadelphia (APP) 0 |
| BOTTOM OF THE 1ST |
|
Philadelphia (APP) Phillies batting - Pitching for Bristol Pirates : RHP Jon Taylor
|
|
Pitching: RHP Jon Taylor
|
|
|
Batting: RHB Dan Doggett
|
0-0: Ball 1-0: Foul Ball, location: 2F 1-1: Ground out U3 (Groundball, 34S, EV 83.8 MPH)
|
|
Batting: LHB Victor Estrada
|
0-0: Swinging Strike 0-1: Foul Ball, location: 2F 0-2: Ball 1-2: Ball 2-2: Foul Ball, location: 2F 2-2: DOUBLE (Flyball, 8RD, EV 90.6 MPH)
|
|
Batting: SHB Sam Fredrick
|
0-0: Ball 1-0: Swinging Strike 1-1: Swinging Strike 1-2: Ball 2-2: Foul Ball, location: 2F 2-2: Ground out 5-3 (Groundball, 5, EV 85.0 MPH)
|
|
Batting: RHB Nick Maxwell
|
0-0: Ball 1-0: Ball 2-0: Reached on error, E4 (Groundball, 4, EV 83.1 MPH) Victor Estrada to third
|
|
Batting: LHB Jessie Whedbee
|
0-0: Called Strike 0-1: Called Strike 0-2: Strikes out looking
|
| Bottom of the 1st over - 0 runs, 1 hit, 1 error, 2 left on base; Bristol 3 - Philadelphia (APP) 0 |
| TOP OF THE 2ND |
|
Bristol Pirates batting - Pitching for Philadelphia (APP) Phillies : RHP Franck Basset
|
|
Batting: RHB Zachery Loomis
|
0-0: Called Strike 0-1: Foul Ball, location: 2F 0-2: Ball 1-2: Ground out 6-3 (Groundball, 56, EV 103.8 MPH)
|
|
Batting: SHB Thad Shearing
|
0-0: Ball 1-0: Swinging Strike 1-1: Foul Ball, location: 2F 1-2: Strikes out swinging
|
|
Batting: RHB Ryan Thurston
|
0-0: Ball 1-0: Ball 2-0: Swinging Strike 2-1: Foul Ball, location: 2F 2-2: Ball 3-2: Fly out, F8 (Line Drive, 8RD, EV 85.6 MPH)
|
| Top of the 2nd over - 0 runs, 0 hits, 0 errors, 0 left on base; Bristol 3 - Philadelphia (APP) 0 |
| BOTTOM OF THE 2ND |
|
Philadelphia (APP) Phillies batting - Pitching for Bristol Pirates : RHP Jon Taylor
|
|
Batting: RHB Mike Ryan
|
0-0: Ball 1-0: Ball 2-0: Fly out, F3 (Popup, 3SF, EV 70.6 MPH)
|
|
Batting: RHB Jose Hurtado
|
0-0: Ball 1-0: Swinging Strike 1-1: Called Strike 1-2: Strikes out swinging
|
|
Batting: LHB Justin Harrison
|
0-0: Foul Ball, location: 2F 0-1: Ground out 6-3 (Groundball, 4M, EV 101.9 MPH)
|
| Bottom of the 2nd over - 0 runs, 0 hits, 0 errors, 0 left on base; Bristol 3 - Philadelphia (APP) 0 |
| TOP OF THE 3RD |
|
Bristol Pirates batting - Pitching for Philadelphia (APP) Phillies : RHP Franck Basset
|
|
Batting: RHB Jon Solis
|
0-0: Ball 1-0: Ball 2-0: Called Strike 2-1: Ball 3-1: Base on Balls
|
|
Batting: SHB Juan Ayala
|
0-0: Ball 1-0: Called Strike 1-1: Fly out, F9 (Flyball, 89D, EV 86.2 MPH)
|
|
Batting: RHB Oscar Munoz
|
0-0: Fielders Choice at 2nd, 5-4 (Groundball, 5, EV 82.5 MPH)
|
|
Batting: LHB Sean Driscoll
|
0-0: Ball 1-0: Ball Passed Ball! Oscar Munoz to second 2-0: Ball 3-0: Called Strike 3-1: Base on Balls
|
|
Batting: RHB Dustin Hamblin
|
0-0: Called Strike 0-1: Ball 1-1: Ball 2-1: Foul Ball, location: 2F 2-2: Strikes out swinging
|
| Top of the 3rd over - 0 runs, 0 hits, 0 errors, 2 left on base; Bristol 3 - Philadelphia (APP) 0 |
| BOTTOM OF THE 3RD |
|
Philadelphia (APP) Phillies batting - Pitching for Bristol Pirates : RHP Jon Taylor
|
|
Batting: RHB Takuzo Sato
|
0-0: Swinging Strike 0-1: Called Strike 0-2: Ball 1-2: Ball 2-2: Ball 3-2: Strikes out swinging, 2-3 out at first.
|
|
Batting: RHB Dan Doggett
|
0-0: Ball 1-0: Ball 2-0: Ball 3-0: Called Strike 3-1: Called Strike 3-2: Foul Ball, location: 2F 3-2: Ground out 6-3 (Groundball, 6, EV 90.0 MPH)
|
|
Batting: LHB Victor Estrada
|
0-0: Ball 1-0: Ball 2-0: Ball 3-0: Base on Balls
|
|
Batting: SHB Sam Fredrick
|
0-0: Called Strike 0-1: Swinging Strike 0-2: Ball 1-2: Ball 2-2: Foul Ball, location: 2F 2-2: Strikes out swinging
|
| Bottom of the 3rd over - 0 runs, 0 hits, 0 errors, 1 left on base; Bristol 3 - Philadelphia (APP) 0 |
| TOP OF THE 4TH |
|
Bristol Pirates batting - Pitching for Philadelphia (APP) Phillies : RHP Franck Basset
|
|
Batting: RHB William Lindsey
|
0-0: Ball 1-0: Foul Ball, location: 2F 1-1: Ground out U3 (Groundball, 34, EV 106.2 MPH)
|
|
Pitching: RHP Robert Mccabe
|
|
|
Batting: RHB Zachery Loomis
|
0-0: Ball 1-0: Foul Ball, location: 2F 1-1: Ball 2-1: Ball 3-1: Fly out, F9 (Flyball, 9S, EV 83.8 MPH)
|
|
Batting: SHB Thad Shearing
|
0-0: Fly out, F8 (Line Drive, 8LM, EV 91.2 MPH)
|
| Top of the 4th over - 0 runs, 0 hits, 0 errors, 0 left on base; Bristol 3 - Philadelphia (APP) 0 |
| BOTTOM OF THE 4TH |
|
Philadelphia (APP) Phillies batting - Pitching for Bristol Pirates : RHP Jon Taylor
|
|
Batting: RHB Nick Maxwell
|
0-0: Foul Ball, location: 2F 0-1: Ball 1-1: Called Strike 1-2: Ball 2-2: Strikes out swinging
|
|
Batting: LHB Jessie Whedbee
|
0-0: Foul Ball, location: 2F 0-1: Ball 1-1: Fly out, F8 (Flyball, 8RD, EV 85.6 MPH)
|
|
Batting: RHB Mike Ryan
|
0-0: Ground out 4-3 (Groundball, 4, EV 91.9 MPH)
|
| Bottom of the 4th over - 0 runs, 0 hits, 0 errors, 0 left on base; Bristol 3 - Philadelphia (APP) 0 |
| TOP OF THE 5TH |
|
Bristol Pirates batting - Pitching for Philadelphia (APP) Phillies : RHP Robert Mccabe
|
|
Batting: RHB Ryan Thurston
|
0-0: Ball 1-0: Called Strike 1-1: Swinging Strike 1-2: Strikes out swinging
|
|
Batting: RHB Jon Solis
|
0-0: Ball 1-0: Ball 2-0: SOLO HOME RUN (Line Drive, 9D, EV 102.5 MPH), Distance : 378 ft
|
|
Batting: SHB Juan Ayala
|
0-0: Called Strike 0-1: Ball 1-1: Ground out 6-3 (Groundball, 6, EV 103.1 MPH)
|
|
Batting: RHB Oscar Munoz
|
0-0: Ball 1-0: Ball 2-0: Called Strike 2-1: Ball 3-1: Base on Balls
|
|
Pitching: LHP Marc Haigler
|
|
|
Batting: LHB Sean Driscoll
|
0-0: Fielders Choice at 2nd, 6-4 (Groundball, 6, EV 95.6 MPH)
|
| Top of the 5th over - 1 run, 1 hit, 0 errors, 1 left on base; Bristol 4 - Philadelphia (APP) 0 |
| BOTTOM OF THE 5TH |
|
Philadelphia (APP) Phillies batting - Pitching for Bristol Pirates : RHP Jon Taylor
|
|
Batting: RHB Jose Hurtado
|
0-0: Called Strike 0-1: Swinging Strike 0-2: Foul Ball, location: 2F 0-2: Strikes out swinging
|
|
Batting: LHB Justin Harrison
|
0-0: Ball 1-0: Foul Ball, location: 2F 1-1: Ball 2-1: Ball 3-1: Foul Ball, location: 2F 3-2: Strikes out swinging
|
|
Batting: RHB Takuzo Sato
|
0-0: Ball 1-0: Called Strike 1-1: Swinging Strike 1-2: Strikes out swinging
|
| Bottom of the 5th over - 0 runs, 0 hits, 0 errors, 0 left on base; Bristol 4 - Philadelphia (APP) 0 |
| TOP OF THE 6TH |
|
Bristol Pirates batting - Pitching for Philadelphia (APP) Phillies : LHP Marc Haigler
|
|
Batting: RHB Dustin Hamblin
|
0-0: Ball 1-0: Foul Ball, location: 2F 1-1: Ball 2-1: Ball 3-1: Base on Balls
|
|
Batting: RHB William Lindsey
|
0-0: Ball 1-0: 2-RUN HOME RUN (Flyball, 78XD, EV 101.9 MPH), Distance : 395 ft
|
|
Batting: RHB Zachery Loomis
|
0-0: Called Strike 0-1: Ball 1-1: Called Strike 1-2: Foul Ball, location: 2F 1-2: Ball 2-2: Foul Ball, location: 2F 2-2: Ball 3-2: SOLO HOME RUN (Flyball, 78XD, EV 98.1 MPH), Distance : 403 ft
|
|
Batting: SHB Thad Shearing
|
0-0: Fly out, F8 (Flyball, 8RM, EV 76.2 MPH)
|
|
Batting: RHB Ryan Thurston
|
0-0: Ball 1-0: Swinging Strike 1-1: TRIPLE (Flyball, 89XD, EV 101.9 MPH)
|
|
Pitching: RHP Rüdiger Stritter
|
|
|
Batting: RHB Jon Solis
|
0-0: Ball 1-0: 2-RUN HOME RUN (Flyball, 9D, EV 90.6 MPH), Distance : 351 ft
|
|
Batting: SHB Juan Ayala
|
0-0: Swinging Strike 0-1: Ball 1-1: Swinging Strike 1-2: Ball 2-2: Strikes out looking
|
|
Batting: RHB Oscar Munoz
|
0-0: Ball 1-0: Foul Ball, location: 2F 1-1: Ground out 1-3 (Groundball, 13S, EV 70.0 MPH)
|
| Top of the 6th over - 5 runs, 4 hits, 0 errors, 0 left on base; Bristol 9 - Philadelphia (APP) 0 |
| BOTTOM OF THE 6TH |
|
Philadelphia (APP) Phillies batting - Pitching for Bristol Pirates : RHP Jon Taylor
|
|
Pitching: RHP Matt D'Alessandro
|
|
|
Batting: RHB Dan Doggett
|
0-0: Fly out, F8 (Flyball, 8RD, EV 98.8 MPH)
|
|
Batting: LHB Victor Estrada
|
0-0: Called Strike 0-1: Foul Ball, location: 2F 0-2: Strikes out swinging
|
|
Batting: SHB Sam Fredrick
|
0-0: Ground out 4-3 (Groundball, 4, EV 84.4 MPH)
|
| Bottom of the 6th over - 0 runs, 0 hits, 0 errors, 0 left on base; Bristol 9 - Philadelphia (APP) 0 |
| TOP OF THE 7TH |
|
Bristol Pirates batting - Pitching for Philadelphia (APP) Phillies : RHP Rüdiger Stritter
|
|
Batting: LHB Sean Driscoll
|
0-0: Foul Ball, location: 2F 0-1: Ground out U3 (Groundball, 34, EV 85.0 MPH)
|
|
Batting: RHB Dustin Hamblin
|
0-0: SINGLE (Flyball, 8LS, EV 94.4 MPH)
|
|
Batting: RHB William Lindsey
|
0-0: Called Strike 0-1: Swinging Strike 0-2: Foul Ball, location: 2F 0-2: Ball Wild Pitch! Dustin Hamblin to second 1-2: Ball 2-2: Strikes out swinging
|
|
Batting: RHB Zachery Loomis
|
0-0: Foul Ball, location: 2F 0-1: Ball 1-1: Hit by Pitch
|
|
Batting: SHB Thad Shearing
|
0-0: Ball 1-0: Ground out 3-1 (Groundball, 34S, EV 85.6 MPH)
|
| Top of the 7th over - 0 runs, 1 hit, 0 errors, 2 left on base; Bristol 9 - Philadelphia (APP) 0 |
| BOTTOM OF THE 7TH |
|
Philadelphia (APP) Phillies batting - Pitching for Bristol Pirates : RHP Matt D'Alessandro
|
|
Batting: RHB Nick Maxwell
|
0-0: Called Strike 0-1: Ball 1-1: Ball 2-1: Foul Ball, location: 2F 2-2: Ball 3-2: Foul Ball, location: 2F 3-2: Foul Ball, location: 2F 3-2: Foul Ball, location: 2F 3-2: Base on Balls
|
|
Batting: LHB Jessie Whedbee
|
0-0: Fly out, F7 (Flyball, 78S, EV 85.6 MPH)
|
|
Batting: RHB Mike Ryan
|
0-0: Called Strike 0-1: Ball 1-1: Ball 2-1: Grounds into double play, 6-4-3 (Groundball, 6, EV 100.0 MPH)
|
| Bottom of the 7th over - 0 runs, 0 hits, 0 errors, 0 left on base; Bristol 9 - Philadelphia (APP) 0 |
| TOP OF THE 8TH |
|
Bristol Pirates batting - Pitching for Philadelphia (APP) Phillies : RHP Rüdiger Stritter
|
|
Batting: RHB Ryan Thurston
|
0-0: Ball 1-0: SINGLE (Groundball, 56D, EV 98.8 MPH)
|
|
Batting: RHB Jon Solis
|
0-0: Ball 1-0: Called Strike 1-1: Ball 2-1: Swinging Strike 2-2: Strikes out looking
|
|
Batting: SHB Juan Ayala
|
0-0: Called Strike 0-1: Ball 1-1: Foul Ball, location: 2F 1-2: Ball Wild Pitch! Ryan Thurston to second 2-2: Ball 3-2: Foul Ball, location: 2F 3-2: Strikes out swinging
|
|
Batting: RHB Oscar Munoz
|
0-0: Called Strike 0-1: Ball 1-1: Foul Ball, location: 2F 1-2: Foul Ball, location: 2F 1-2: Ball 2-2: Strikes out looking
|
| Top of the 8th over - 0 runs, 1 hit, 0 errors, 1 left on base; Bristol 9 - Philadelphia (APP) 0 |
| BOTTOM OF THE 8TH |
|
Philadelphia (APP) Phillies batting - Pitching for Bristol Pirates : RHP Matt D'Alessandro
|
|
Pitching: RHP Ray Maki
|
|
|
Batting: RHB Jose Hurtado
|
0-0: Swinging Strike 0-1: Called Strike 0-2: SINGLE (Groundball, 15S, EV 67.5 MPH) (infield hit)
|
|
Batting: LHB Justin Harrison
|
0-0: Bunt missed! 0-1: Sac Bunt to 13S - play at first, batter OUT! 1-4 Jose Hurtado to second
|
|
Batting: RHB Takuzo Sato
|
0-0: Swinging Strike 0-1: Foul Ball, location: 2F 0-2: Ball 1-2: Foul Ball, location: 2F 1-2: Strikes out swinging, 2-3 out at first.
|
|
Batting: RHB Dan Doggett
|
0-0: Ball 1-0: Reached on error, E6 (Groundball, 6S, EV 86.2 MPH) Jose Hurtado to third
|
|
Batting: LHB Victor Estrada
|
0-0: Ball 1-0: Fly out, F9 (Flyball, 9LS, EV 88.1 MPH)
|
| Bottom of the 8th over - 0 runs, 1 hit, 1 error, 2 left on base; Bristol 9 - Philadelphia (APP) 0 |
| TOP OF THE 9TH |
|
Bristol Pirates batting - Pitching for Philadelphia (APP) Phillies : RHP Rüdiger Stritter
|
|
Batting: LHB Sean Driscoll
|
0-0: Ball 1-0: SINGLE (Groundball, 4MD, EV 95.0 MPH)
|
|
Batting: RHB Dustin Hamblin
|
0-0: Ball 1-0: Fly out, F9 (Line Drive, 9, EV 93.1 MPH)
|
|
Batting: RHB William Lindsey
|
0-0: Called Strike 0-1: Ball 1-1: Hit by Pitch Sean Driscoll to second
|
|
Batting: RHB Zachery Loomis
|
0-0: SINGLE (Groundball, 56S, EV 75.0 MPH) (infield hit) Sean Driscoll to third William Lindsey to second
|
|
Batting: SHB Thad Shearing
|
0-0: Ball 1-0: Called Strike 1-1: Ball 2-1: Ball Wild Pitch! Sean Driscoll scores William Lindsey to third Zachery Loomis to second 3-1: Ground out 4-3 (Groundball, 4, EV 88.8 MPH) William Lindsey scores Zachery Loomis to third
|
|
Pitching: LHP Chris Alexopoulos
|
|
|
Batting: RHB Ryan Thurston
|
0-0: Ball 1-0: Ball 2-0: Ball Passed Ball! Zachery Loomis scores 3-0: Called Strike 3-1: Foul Ball, location: 2F 3-2: Foul Ball, location: 2F 3-2: Fly out, F3 (Popup, 3SF, EV 77.5 MPH)
|
| Top of the 9th over - 3 runs, 2 hits, 0 errors, 0 left on base; Bristol 12 - Philadelphia (APP) 0 |
| BOTTOM OF THE 9TH |
|
Philadelphia (APP) Phillies batting - Pitching for Bristol Pirates : RHP Ray Maki
|
|
Batting: SHB Sam Fredrick
|
0-0: Called Strike 0-1: Ball 1-1: Ball 2-1: Ball 3-1: Base on Balls
|
|
Pitching: RHP Tomas Cavazos
|
|
|
Batting: RHB Nick Maxwell
|
0-0: Ball 1-0: Called Strike 1-1: Ball 2-1: Ball 3-1: Foul Ball, location: 2F 3-2: Fielders Choice at 2nd, 5-4 (Groundball, 5, EV 86.9 MPH)
|
|
Batting: LHB Jessie Whedbee
|
0-0: Ball 1-0: Foul Ball, location: 2F 1-1: Foul Ball, location: 2F 1-2: Ball 2-2: Ground out U3 (Groundball, 34S, EV 60.6 MPH) Nick Maxwell to second
|
|
Batting: RHB Mike Ryan
|
0-0: Ball 1-0: Ball 2-0: Foul Ball, location: 2F 2-1: Called Strike 2-2: Ball 3-2: Base on Balls
|
|
Batting: RHB Jose Hurtado
|
0-0: Ball 1-0: Foul Ball, location: 2F 1-1: Called Strike 1-2: Hit by Pitch Nick Maxwell to third Mike Ryan to second
|
|
Pitching: RHP Sean Elder
|
|
|
Batting: LHB Justin Harrison
|
0-0: Ground out U3 (Groundball, 3, EV 90.0 MPH)
|
| Bottom of the 9th over - 0 runs, 0 hits, 0 errors, 3 left on base; Bristol 12 - Philadelphia (APP) 0 |
|